 Dungeon Crawl Stone Soup version 0.29-a0-40-g8eb35efe60 (webtiles) character file.

Game seed: 2576361806117231898

2435 freelancePsychic the Thaumaturge (level 9, 0/47 HPs)
             Began as a Deep Elf Conjurer on Feb 1, 2022.
             Was an Initiate of Gozag.
             Slain by a centaur warrior zombie (4 damage)
             ... on level 7 of the Dungeon.
             The game lasted 00:14:51 (8430 turns).

freelancePsychic the Thaumaturge (DECj)             Turns: 8430, Time: 00:14:52

Health: 0/47       AC:  3    Str:  3 (4)  XL:     9   Next: 24%
Magic:  3/23       EV: 12    Int: 26 (28) God:    Gozag
Gold:   258        SH:  0    Dex: 12 (13) Spells: 12/24 levels left

rFire   . . .      SeeInvis .   o - staff of conjuration
rCold   + . .      Faith    .   (no shield)
rNeg    . . .      Spirit   .   a - +0 robe
rPois   .          Reflect  .   k - +0 helmet
rElec   .          Harm     .   (no cloak)
rCorr   .          Rampage  .   (no gloves)
Will    +....                   (no boots)
Stlth   ++........              (no amulet)
HPRegen 0.15/turn               n - ring of Wu Jian's Delight {+Blink rC+ Will+}
MPRegen 0.18/turn               (no ring)

@: very slightly contaminated
A: talons 1, evolution 1
a: Renounce Religion, Evoke Blink, Potion Petition, Call Merchant, Bribe Branch


You were on level 7 of the Dungeon.
You worshipped Gozag.
Gozag was aware of your devotion.
You visited 2 branches of the dungeon, and saw 9 of its levels.

You collected 338 gold pieces.
You paid 80 gold pieces to Gozag.

Inventory:

Armour
 a - a +0 robe (worn)
 k - a +0 helmet (worn)
Magical Staves
 o - a staff of conjuration (weapon)
Jewellery
 c - a ring of ice
 i - a ring of fire
 n - the ring of Wu Jian's Delight (left hand) {+Blink rC+ Will+}
   (You found it on level 4 of the Dungeon)

   [ring of protection from cold]

   rC:        It protects you from cold.
   +Blink:    It lets you blink.
   Will:      It increases your willpower.
Wands
 d - a wand of digging (3)
 m - a wand of flame (15)
 p - a wand of iceblast (13)
Scrolls
 f - 5 scrolls of enchant weapon
 j - 3 scrolls of noise
 l - 2 scrolls of amnesia
 q - 2 scrolls of identify {@r1}
Potions
 e - a potion of degeneration


   Skills:
 + Level 1.5 Fighting
 - Level 2.4 Dodging
 - Level 2.8 Stealth
 + Level 8.0 Spellcasting
 + Level 7.6 Conjurations
 + Level 6.1 Necromancy
 - Level 5.7 Translocations
 + Level 5.5 Earth Magic


You had 12 spell levels left.
You knew the following spells:

 Your Spells              Type           Power      Damage    Failure   Level
a - Magic Dart            Conj           100%       1d8       1%          1
b - Searing Ray           Conj           100%       2d8       1%          2
c - Borgnjor's Vile Clut  Necr/Erth      20%        N/A       14%         5
e - Iskenderun's Mystic   Conj/Tloc      61%        2d13      3%          4

Your spell library contained the following spells:

 Spells                   Type           Power      Damage    Failure   Level
 Dazzling Flash           Conj/Hex       90%        N/A       3%          3
 Animate Dead             Necr           21%        N/A       4%          4
 Passage of Golubria      Tloc           40%        N/A       5%          4
 Fulminant Prism          Conj/Hex       22%        3d13      12%         4
 Ozocubu's Armour         Ice            10%        N/A       17%         3
 Tukima's Dance           Hex            10%        N/A       17%         3
 Death Channel            Necr           21%        N/A       56%         6
 Yara's Violent Unravell  Hex/Tmut       5%         3d4       83%         5
 Ozocubu's Refrigeration  Ice            5%         4d6       100%        7


Dungeon Overview and Level Annotations

Branches:
Dungeon (8/15)             Temple (1/1) D:6
   Lair: D:8-11

Altars:
Dithmenos
Fedhas
Gozag
Hepliaklqana
Kikubaaqudgha
Sif Muna
Trog
Xom
The Shining One

Shops:
D:4 *   D:6 (

Annotations:
D:3 1 runed translucent door, Crazy Yiuf, Sigmund
D:5 exclusion: centaur, Pikel
D:7 Joseph


Innate Abilities, Weirdness & Mutations

You have sharp toenails.
You have hidden genetic potential.


Message History

The white imp partially resists.
The white imp is severely wounded.
You hear a shout!
Aiming: Iceblast
Press: ? - help, Shift-Dir - straight line, f/p - white imp
Aim: a white imp (severely wounded)
The mass of ice explodes!
The iceblast engulfs the white imp!
The white imp partially resists.
You kill the white imp!
The iceblast engulfs the centaur warrior zombie!
The centaur warrior zombie partially resists.
The centaur warrior zombie is lightly damaged.
The orc is distracted by your dazzling golden aura.
The centaur warrior zombie is distracted by your dazzling golden aura.
Aiming: Dig
Press: ? - help, Shift-Dir - straight line A rock wall.
The rock shatters into small pieces.
The orc shouts!
The orc is no longer distracted by gold.
Joseph, a Mercenary comes into view.
He is wielding a +0 quarterstaff.
The centaur warrior zombie completely misses you.
The centaur warrior zombie kicks you but does no damage.
The centaur warrior zombie hits you but does no damage.
The centaur warrior zombie kicks you but does no damage.
The centaur warrior zombie closely misses you.
The centaur warrior zombie kicks you.
* * * LOW HITPOINT WARNING * * *
Casting: Iskenderun's Mystic Blast (dangerous; 3% risk of failure)
Confirm with . or Enter, or press ? or * to list all spells.
You feel a surge of power!
You miscast Iskenderun's Mystic Blast.
You are very lightly contaminated with residual magic.
Nothing appears to happen.
The centaur warrior zombie closely misses you.
The centaur warrior zombie kicks you but does no damage.
The centaur warrior zombie hits you.
* * * LOW HITPOINT WARNING * * *
The centaur warrior zombie kicks you.
You die...
Your body crumbles into a pile of gold.

#.##Z#..#,,,,*
*,,,,,,,*
...$##..#,,,,*
**,,,,,**
....#...#,,,**
*******
....#...#,,,**
........#,,,,*
)...#...#$,,,*
....#...#.,,,*
#####...##...#######
##..o###....@Z.##
#.....########..#
#....#.########o#
#.......o..o....#
#...+########+..#
##..#,,,,,,,,#..#
#..#,+****+,#..#
#.@*,*,,,,*,#..#
#.,*,*,**,*,#..#


You could see an orc and a centaur warrior zombie.

Vanquished Creatures
  Prince Ribbit (D:6)
  A wyvern (D:7)
  Eustachio (D:6)
  A steam dragon (D:6)
  Menkaure (D:7)
  A sky beast (D:6)
  An orc warrior (D:7)
  2 black bears
  An ice beast (D:6)
  A lemure (D:5)
  2 phantoms (D:6)
  A centaur (D:6)
  A bullfrog (D:6)
  3 scorpions
  2 water moccasin skeletons
  An orc priest (D:5)
  A jelly (D:4)
  A centaur skeleton (D:4)
  4 hounds
  A gnoll shaman (D:6)
  3 bullfrog skeletons
  3 iguanas
  3 orc wizards
  A howler monkey skeleton (D:2)
  9 adders
  2 white imps
  An ufetubus (D:5)
  2 adder skeletons (D:4)
  3 worms
  A dart slug (D:1)
  10 orcs
  9 endoplasms
  10 hobgoblins
  4 jackals
  4 quokkas
  6 ball pythons
  6 bats
  A frilled lizard (D:2)
  4 goblins
  4 kobolds
  5 rats
119 creatures vanquished.

Vanquished Creatures (others)
  2 fungi (D:2)
2 creatures vanquished.

Grand Total: 121 creatures vanquished

Notes
Turn   | Place    | Note
-------+----------+-------------------------------------------
     0 | D:1      | freelancePsychic the Deep Elf Conjurer began the quest for
                  | the Orb.
     0 | D:1      | Reached XP level 1. HP: 10/10 MP: 6/6
   211 | D:2      | Reached XP level 2. HP: 7/15 MP: 4/8
   355 | D:2      | Learned a level 2 spell: Searing Ray
  1140 | D:1      | You fall into a shaft and drop 1 floor!
  1162 | D:2      | Reached XP level 3. HP: 20/20 MP: 3/10
  1490 | D:2      | Found a faded altar of an unknown god.
  1694 | D:2      | Reached skill level 1 in Translocations
  1797 | D:2      | Reached skill level 1 in Fighting
  1824 | D:2      | Reached skill level 4 in Spellcasting
  1984 | D:2      | Reached XP level 4. HP: 25/25 MP: 7/12
  2418 | D:2      | Learned a level 4 spell: Iskenderun's Mystic Blast
  2929 | D:3      | Noticed Sigmund
  3334 | D:3      | Found a runed translucent door.
  3335 | D:3      | Noticed Crazy Yiuf
  3510 | D:4      | Reached XP level 5. HP: 27/29 MP: 9/13
  3885 | D:4      | Reached skill level 5 in Translocations
  3885 | D:4      | Reached XP level 6. HP: 16/34 MP: 3/14
  4213 | D:4      | Identified the ring of Wu Jian's Delight {+Blink rC+ Will+}
  4827 | D:4      | Found Isiomytt's Fire Supplies.
  4930 | D:5      | Entered Level 5 of the Dungeon
  5323 | D:5      | Reached skill level 5 in Conjurations
  5330 | D:5      | Noticed Pikel
  5397 | D:5      | Reached skill level 1 in Necromancy
  5397 | D:5      | Reached skill level 1 in Earth Magic
  5651 | D:5      | Reached XP level 7. HP: 38/38 MP: 9/16
  6080 | D:6      | Reached skill level 5 in Spellcasting
  6210 | D:6      | Noticed Prince Ribbit
  6225 | D:6      | Killed Prince Ribbit
  6226 | D:6      | Reached XP level 8. HP: 24/43 MP: 13/18
  6232 | D:6      | Learned a level 5 spell: Borgnjor's Vile Clutch
  6440 | D:6      | Noticed Eustachio
  6531 | D:6      | Killed Eustachio
  6532 | D:6      | Reached skill level 6 in Spellcasting
  6687 | D:6      | Found a staircase to the Ecumenical Temple.
  6749 | Temple   | Entered the Ecumenical Temple
  6818 | Temple   | Became a worshipper of Gozag Ym Sagoz the Greedy
  6898 | D:6      | Found Tytafej's Weapon Emporium.
  7513 | D:6      | Reached skill level 5 in Necromancy
  7595 | D:6      | Reached skill level 7 in Spellcasting
  7844 | D:6      | Reached skill level 5 in Earth Magic
  7850 | D:6      | Reached XP level 9. HP: 15/47 MP: 0/22
  8143 | D:6      | Found a shadowy altar of Dithmenos.
  8151 | D:7      | Noticed Menkaure
  8152 | D:7      | Killed Menkaure
  8374 | D:8      | Gained mutation: You have hidden genetic potential. [potion
                  | of mutation]
  8374 | D:8      | Gained mutation: You have sharp toenails. [potion of
                  | mutation]
  8401 | D:7      | HP: 2/47 [orc warrior (11)]
  8405 | D:7      | Reached skill level 8 in Spellcasting
  8415 | D:7      | Noticed Joseph
  8430 | D:7      | Slain by a centaur warrior zombie

Illustrated notes

Levels and vault maps discovered:
D:1:      lemuel_arrival_hallway, layout_loops_ring, roderic_serpentine_path
D:2:      layout_basic, dreamdust_ecumenical_altar_grove
D:3:      layout_loops_cross, uniq_crazy_yiuf_cottage, uniq_sigmund
D:4:      layout_cave_pods, nicolae_shop_fire_sale [nicolae_sub_dead_trees],
          columned_hall_lemuel
D:5:      layout_loops_ring, lemuel_mausoleum_altar_yredelemnul,
          nicolae_zen_rock_garden, nicolae_sextant, uniq_edmund, uniq_pikel
D:6:      layout_basic, okawaru_metal_pillars_1_2, grunt_dithmenos_smoke,
          minmay_temple_entry_glassed_door, serial_shops,
          nicolae_lakefront_shop, roderic_lattice_a,
          amcnicky_mini_rare_corridor_liquid, minmay_joined_circles,
          uniq_prince_ribbit1, uniq_eustachio
D:7:      layout_gridville, minivault_11, grunt_ministairs_13, minivault_27,
          st_stairs_7, uniq_menkaure, uniq_joseph
D:8:      layout_basic, nicolae_ru_path_of_blood, nicolae_wu_jian_glorious_leap,
          grunt_decor_junction, uniq_harold
Temple:   regret_index_temple_sphere_string

Skill      XL: |  1  2  3  4  5  6  7  8  9 |
---------------+----------------------------+-----
Translocations | 1 3 5 |  5.7
Fighting       | 1 |  1.5
Spellcasting   | 4 5 7 8 |  8.0
Conjurations   | 5 6 7 |  7.6
Necromancy     | 1 3 5 6 |  6.1
Earth Magic    | 1 3 5 |  5.5
Dodging        | |  2.4
Stealth        | |  2.8

Action                   |  1- 3 |  4- 6 |  7- 9 || total
-------------------------+-------+-------+-------++-------
Melee: Unarmed           |       |     1 |       ||     1
       Staff             |       |       |     4 ||     4
 Cast: Magic Dart        |    18 |       |       ||    18
       Searing Ray       |    32 |    50 |    34 ||   116
       Iskenderun's Myst |       |     4 |    21 ||    25
Evoke: Wand              |       |       |     4 ||     4
  Use: Potion            |     1 |       |     8 ||     9
       Scroll            |       |     5 |     1 ||     6
Armor: Robe              |     6 |     6 |    13 ||    25
Dodge: Dodged            |    21 |    38 |    39 ||    98

Table legend: (Time is in decaauts)
 A = Elapsed time spent in this place.
 B = Non-inter-level travel time spent in this place.
 C = Inter-level travel time spent in this place.
 D = Time resting spent in this place.
 E = Time spent auto-exploring this place.
 F = Levels seen in this place.
 G = Mean time per level.
                   A        B        C        D        E       F      G
               +--------+--------+--------+--------+--------+-----+--------+
         Total |   8437 |   8218 |    219 |   1013 |   6179 |   9 |  937.4 |
       Dungeon |   8352 |   8150 |    202 |   1013 |   6143 |   8 | 1044.0 |
        Temple |     85 |     69 |     16 |      0 |     36 |   1 |   85.0 |
               +--------+--------+--------+--------+--------+-----+--------+

Top non-repeatable levels by time:
     D:6: 1927 daAuts
     D:4: 1756 daAuts
     D:2: 1611 daAuts
     D:3: 950 daAuts
     D:1: 939 daAuts
     D:5: 887 daAuts
     D:7: 260 daAuts
  Temple: 85 daAuts
     D:8: 18 daAuts
